 Dungeon Crawl Stone Soup version 0.17-a0-2093-gc772f4b (webtiles) character file.

18 ololoev the Skirmisher (level 2, -1/36 HPs)
             Began as a Demonspawn Fighter on Oct 16, 2015.
             Slain by ololoev's ghost (8 damage)
             ... on level 3 of the Dungeon.
             The game lasted 00:01:59 (342 turns).

ololoev the Skirmisher (Demonspawn Fighter)          Turns: 342, Time: 00:01:59

Health: -1/36      AC:  7    Str: 21    XL:     2   Next: 51%
Magic:  2/2        EV:  9    Int:  9    God:
Gold:   41         SH:  4    Dex: 12    Spells: 0 memorised, 1 level left

rFire  . . .     SeeInvis .     a - +0 war axe
rCold  . . .     Clarity  .     b - +0 scale mail
rNeg   . . .     SustAt   .     l - +0 buckler
rPois  .         Gourm    .     (helmet restricted)
rElec  .         Spirit   .     (no cloak)
rCorr  .         Warding  .     j - +0 pair of gloves
rMut   .         Stasis   .     (no boots)
MR     .....                    (no amulet)
Stlth  ..........               (no ring)
                                (no ring)

@: berserking (expiring), very quick, not resistant to hostile enchantments,
extremely unstealthy
A: antennae 1
a: no special abilities


Innate Abilities, Weirdness & Mutations

You have a pair of small antennae on your head.

Inventory:

Hand Weapons
 a - a +0 war axe (weapon)
Armour
 b - a +0 scale mail (worn)
 j - a +0 pair of gloves (worn)
 l - a +0 buckler (worn)
Scrolls
 f - a scroll of random uselessness {unknown}
 g - a scroll of enchant weapon {unknown}
 h - 2 scrolls of identify {unknown}
 i - a scroll of teleportation {unknown}
 k - a scroll of magic mapping {unknown}
Potions
 d - a potion of might
Comestibles
 e - 3 bread rations
 m - a beef jerky


   Skills:
 - Level 3.0 Fighting
 * Level 2.5 Axes
 + Level 3.0 Armour
 - Level 2.6 Shields


You had one spell level left.
You didn't know any spells.


You were on level 3 of the Dungeon.
You were not hungry.

You visited 1 branch of the dungeon, and saw 3 of its levels.

You collected 41 gold pieces.

.............(..#
........†.##.##.#
......[...# .#
..........## #
.............#
..........####
##.##.......#
............##########.#
.....#####..##..@W......
.....# #..##.#####....
.....# #..##.# .
.....#####..##.#
..).........##.#
.....######.##.# ...[.#
#.##.# .....# #.##.#
###### #.##.#

Notes
Turn   | Place    | Note
--------------------------------------------------------------
     0 | D:1      | ololoev the Demonspawn Fighter began the quest for the Orb.
     0 | D:1      | Reached XP level 1. HP: 18/18 MP: 1/1
   249 | D:3      | Gained mutation: You have a pair of small antennae on your head. [demonic ancestry]
   249 | D:3      | Reached XP level 2. HP: 21/24 MP: 2/2
   336 | D:3      | Noticed ololoev's ghost (weakling DsFi)
   337 | D:3      | Noticed Jessica
   342 | D:3      | Slain by ololoev's ghost

Dungeon Overview and Level Annotations

Branches:
Dungeon (3/15)

Altars:

Annotations:
D:3 Jessica; ololoev's ghost, weakling DsFi


Message History

You closely miss the bat. The bat hits you but does no damage.
You block the bat's attack. The bat hits you.
You see here a fuming blue potion.
c - a fuming blue potion The bat hits you but does no damage.
You closely miss the bat. The bat barely misses you. The bat barely misses you.
You slash the bat!
You kill the bat!
You see here a helmet.
m - a helmet You drop a helmet.
You see here a falchion.
m - a beef jerky
e - 3 bread rations (gained 1)
Found 9 gold pieces.
A kobold comes into view.
The kobold shouts!
The kobold hits you but does no damage.
You hit the kobold.
You kill the kobold!
You now have 41 gold pieces (gained 9).
You hear the slow rusting of a distant drain.
Ololoev's ghost (weakling Demonspawn Fighter) comes into view.
Ololoev's ghost turns its malevolent gaze towards you.
Jessica the Apprentice Sorceress comes into view.
She is wielding a club.
Jessica mumbles some strange words.
Jessica blinks!
Drink which item? (? for menu, Esc to quit)
It was a potion of berserk rage.
A red film seems to cover your vision as you go berserk!
You feel yourself moving faster!
You feel mighty!
You are too berserk!
Unknown command.
You feel a strong urge to attack something.
You completely miss ololoev's ghost. Ololoev's ghost hits you.
You slash ololoev's ghost!
Ololoev's ghost is almost destroyed.
Ololoev's ghost hits you!
You die...

You could see ololoev's ghost.

Vanquished Creatures
  An adder (D:3)
  A worm (D:3)
  A bat (D:3)
  A goblin (D:1)
  A hobgoblin (D:1)
  2 giant newts (D:1)
  3 kobolds
10 creatures vanquished.

Action                   || total
-------------------------++-------
Melee: War axe           ||    34
  Use: Potion            ||     1

Vault maps used:
D:1:      dpeg_arrival_round_c, nrook_mini_vaults
D:2:      lemuel_crystal_altar
D:3:      first_bread, portal_sewer_entry_d,
          nicolae_gozag_cash_rules_everything_around_me, uniq_jessica
